 Dungeon Crawl Stone Soup version 0.17.0-28-g6e173f8 (webtiles) character file.

44 M4edhros the Charlatan (level 3, 0/23 HPs)
             Began as an Octopode Artificer on Nov 29, 2015.
             Slain by a hound (5 damage)
             ... on level 4 of the Dungeon.
             The game lasted 00:01:11 (1278 turns).

M4edhros the Charlatan (Octopode Artificer)         Turns: 1278, Time: 00:01:12

Health: 0/23       AC:  1    Str: 10    XL:     3   Next: 62%
Magic:  6/6        EV: 12    Int: 15    God:
Gold:   71         SH:  0    Dex: 12    Spells: 0 memorised, 2 levels left

rFire  . . .     SeeInvis .     a - +0 short sword
rCold  . . .     Clarity  .     (no shield)
rNeg   . . .     SustAt   .     (helmet restricted)
rPois  .         Gourm    .     (no amulet)
rElec  .         Spirit   .     (no ring)
rCorr  .         Warding  .     (no ring)
rMut   .         Stasis   .     (no ring)
MR     .....                    (no ring)
Stlth  ++++......               (no ring)
                                (no ring)
                                (no ring)
                                (no ring)

@: not resistant to hostile enchantments, stealthy
A: almost no armour, amphibious, 8 rings, constrict 8, camouflage 1, gelatinous
body 1
a: no special abilities


You were on level 4 of the Dungeon.
You were very hungry.

You visited 1 branch of the dungeon, and saw 4 of its levels.

You collected 71 gold pieces.

Inventory:

Hand Weapons
 a - a +0 short sword (weapon)
Missiles
 k - 10 sling bullets
Wands
 b - a wand of flame (12)
 c - a wand of enslavement (13)
 d - a wand of random effects (14)
Scrolls
 f - 2 scrolls of fog {unknown}
 h - 2 scrolls of identify {unknown}
 j - a scroll of teleportation {unknown}
 n - a scroll of random uselessness {unknown}
 o - a scroll of blinking {unknown}
Potions
 m - a potion of heal wounds {unknown}
 p - a potion of curing {unknown}
Comestibles
 e - 2 bread rations
 g - a meat ration
 i - 3 fruits
 l - 2 beef jerkies


   Skills:
 - Level 1.0 Fighting
 - Level 1.0 Short Blades
 - Level 2.0 Dodging
 + Level 3.6 Stealth
 + Level 4.1 Evocations


You had 2 spell levels left.
You didn't know any spells.

Dungeon Overview and Level Annotations

Branches:
Dungeon (4/15)
 Temple: D:4-7

Altars:
Elyvilon


Innate Abilities, Weirdness & Mutations

You cannot wear most types of armour.
You are amphibious.
You can wear up to eight rings at the same time.
You can use your tentacles to constrict eight enemies at once.
Your skin changes colour to match your surroundings (Stealth).
Your rubbery body absorbs attacks (AC +1).


Message History

The orc wizard blinks!
Your orc wizard gestures wildly while chanting.
Your orc wizard blinks!
Evoke which item? (* to show all) (? for menu, Esc to quit)
Zapping:
d - a wand of random effects (15)
Press: ? - help, Shift-Dir - straight line, f - hound
Aim: a hound The hound seems to speed up.
This wand has 14 charges left.
The hound closely misses you. The hound barely misses you.
Evoke which item? (* to show all) (? for menu, Esc to quit)
Zapping:
c - a wand of enslavement (14)
Press: ? - help, Shift-Dir - straight line, f/p - hound
Aim: a hound (fast, chance to defeat MR: 63%)
The hound resists with significant effort.
This wand has 13 charges left.
The hound bites you.
The orc wizard gestures wildly while chanting.
The orc wizard blinks!
The hound bites you.
* * * LOW HITPOINT WARNING * * *
The hound bites you.
You die...

### # ... .. ..
.# #. ..# . #.##
...#
..####.§####....#
.......)h@..#
##..#)†###.#
#(......# #
.....§##§#.#
####. #...<# #
#....# #....#
##...# ....#


You could see a hound.

Vanquished Creatures
  An adder (D:4)
  An ooze (D:3)
  A giant gecko (D:1)
  An orc (D:4)
  A ball python (D:1)
  2 giant cockroaches
  4 goblins
  4 hobgoblins
  3 bats
  5 giant newts
  3 kobolds (D:1)
  3 rats (D:1)
29 creatures vanquished.

Vanquished Creatures (collateral kills)
  An orc (D:4)
1 creature vanquished.

Grand Total: 30 creatures vanquished

Notes
Turn   | Place    | Note
--------------------------------------------------------------
     0 | D:1      | M4edhros the Octopode Artificer began the quest for the Orb.
     0 | D:1      | Reached XP level 1. HP: 13/13 MP: 3/3
     3 | D:1      | Noticed an electric eel
     3 | D:1      | Noticed an electric eel
   288 | D:1      | Reached XP level 2. HP: 5/18 MP: 4/4
   948 | D:1      | Reached skill level 4 in Evocations
  1031 | D:2      | Found a white marble altar of Elyvilon.
  1084 | D:2      | Reached XP level 3. HP: 23/23 MP: 6/6
  1278 | D:4      | Slain by a hound

Action                   || total
-------------------------++-------
Melee: Short sword       ||    54
Evoke: Wand              ||     6
 Stab: Sleeping          ||    13
